 Dungeon Crawl Stone Soup version 0.27-a0-67-g4bfc8a49e1 (webtiles) character file.

Game seed: 15042885773747504124

534075 Borgoz the Axe Maniac (level 24, -5/352 HPs)
             Began as a Minotaur Berserker on Jan 9, 2021.
             Was the Champion of Trog.
             Slain by a +2 glaive of venom (6 damage)
             ... on level 3 of the Elven Halls.
             The game lasted 01:34:33 (63459 turns).

Borgoz the Axe Maniac (Minotaur Berserker)         Turns: 63459, Time: 01:34:33

Health: -5/352     AC: 37    Str: 25    XL:     24   Next: 52%
Magic:  0/7        EV: 24    Int:  4    God:    Trog [******]
Gold:   5795       SH:  0    Dex: 28    Spells: 23/23 levels left

rFire    + + .     SeeInvis .   b - +10 executioner's axe "Vous" {antimagic, +Fly rC+}
rCold    + + +     Faith    .   (shield currently unavailable)
rNeg     . . .     Spirit   +   W - +4 gold dragon scales
rPois    +         Reflect  .   l - +2 hat "Fequjol" {Slay+5 Stlth+}
rElec    .         Harm     .   d - scarf {rC+ rF+}
rCorr    +         Rampage  .   N - +2 pair of gloves {Dex+3}
Will     +....                  M - +1 pair of boots
Stlth    ..........             C - amulet of guardian spirit
HPRegen  0.68/turn              E - ring of resist corrosion
MPRegen  0.10/turn              F - +6 ring of dexterity

@: berserking (expiring), very quick
A: retaliatory headbutt, horns 2, evolution 1, MP-powered wands
}: 3/15 runes: barnacled, silver, gossamer
a: Renounce Religion, Evoke Flight, Berserk, Trog's Hand, Brothers in Arms


You were on level 3 of the Elven Halls.
You worshipped Trog.
Trog was exalted by your worship.
You visited 10 branches of the dungeon, and saw 44 of its levels.
You visited the Abyss 1 time.
You visited 1 bazaar.
You also visited: Trove, Bailey and Ice Cave.

You collected 6687 gold pieces.
You spent 892 gold pieces at shops.

Inventory:

Hand Weapons
 a - a +9 executioner's axe of electrocution
 b - the +10 executioner's axe "Vous" (weapon) {antimagic, +Fly rC+}
   (Trog gifted it to you on level 3 of the Crypt)

   It reduces the magical energy of the wielder, and disrupts the spells and
   magical abilities of those hit.
   Natural abilities and divine invocations are not affected.
   It protects you from cold.
   It lets you fly.
Missiles
 f - 4 throwing nets
Armour
 d - a scarf of resistance (worn)
 j - the +0 pair of gloves of Viarys {-Tele rN+++ Regen+ rCorr}
   (You found it on level 5 of the Vaults)

   It renders you almost immune to negative energy.
   It prevents most forms of teleportation.
   It increases your rate of regeneration.
   It provides partial protection from all sources of acid and corrosion.
 l - the +2 hat "Fequjol" (worn) {Slay+5 Stlth+}
   (You acquired it on level 2 of the Shoals)

   It affects your accuracy and damage with ranged weapons and melee attacks
   (+5).
   It makes you more stealthy.
 M - a +1 pair of boots (worn)
 N - a +2 pair of gloves of dexterity (worn)
 W - +4 gold dragon scales (worn)
Jewellery
 k - an uncursed ring of see invisible
 w - an uncursed ring of ice
 C - an amulet of guardian spirit (around neck)
 D - an uncursed ring of flight
 E - a ring of resist corrosion (left hand)
 F - a +6 ring of dexterity (right hand)
 K - the ring of Erusk {rF+ Str+2}
   (You acquired it on level 4 of the Vaults)

   [ring of protection from fire]

   It affects your strength (+2).
   It protects you from fire.
 R - a +4 ring of slaying
Wands
 c - a wand of iceblast (11)
 o - a wand of paralysis (7)
 H - a wand of disintegration (6)
 I - a wand of digging (5)
 J - a wand of enslavement (10)
 O - a wand of flame (115)
 P - a wand of acid (46)
Scrolls
 m - 20 scrolls of remove curse
 s - 5 scrolls of magic mapping
 u - 4 scrolls of blinking
 v - 24 scrolls of teleportation
 y - a scroll of holy word
 A - 14 scrolls of identify
 B - 5 scrolls of summoning
 G - 2 scrolls of enchant weapon
 L - 4 scrolls of fear
 Q - a scroll of silence
 T - 3 scrolls of fog
Potions
 g - 5 potions of mutation
 h - 19 potions of curing
 i - 11 potions of berserk rage
 n - 7 potions of flight
 p - 7 potions of haste
 q - 5 potions of might
 r - 4 potions of invisibility
 t - 5 potions of ambrosia
 x - 6 potions of heal wounds
 z - 9 potions of cancellation


   Skills:
 + Level 23.3 Fighting
 O Level 27 Axes
 + Level 23.2 Armour
 + Level 24.0 Dodging
 - Level 5.0 Stealth
 + Level 7.3 Evocations


You had 23 spell levels left.
You didn't know any spells.
Your spell library was empty.

Dungeon Overview and Level Annotations

Branches:
Dungeon (15/15)            Temple (1/1) D:6            Lair (6/6) D:10
 Shoals (4/4) Lair:3       Spider (4/4) Lair:3        Slime (0/5) Lair:5
    Orc (2/2) D:9             Elf (3/3) Orc:2        Vaults (5/5) D:13
  Crypt (3/3) Vaults:2       Tomb (1/3) Crypt:3      Depths (0/5) D:15
 Bailey (visited)           IceCv (visited)

Altars:
Ashenzari
Cheibriados
Dithmenos
Elyvilon
Fedhas
Gozag
Hepliaklqana
Kikubaaqudgha
Makhleb
Nemelex Xobeh
Okawaru
Qazlal
Ru
Sif Muna
Trog
Uskayaw
Vehumet
Wu Jian
Xom
Yredelemnul
Zin
The Shining One
Jiyva

Shops:
D:5 :   D:7 (   D:10 (   D:13 *   D:15 !   Orc:1 =(*[   Orc:2 =[?[   Elf:3 }=}
Shoals:1 *   Shoals:4 [   Vaults:1 ?   Vaults:5 [

Portals:
Abyss: D:11


Innate Abilities, Weirdness & Mutations

You reflexively headbutt those who attack you in melee.
You have a pair of horns on your head.
You evolve.
You expend magic power (3 MP) to strengthen your wands.


Message History

Your gold dragon scales prevents you from hitting the ynoxinul.
You barely miss the deep elf death mage.
The ynoxinul hits you!
* * * LOW HITPOINT WARNING * * *
The deep elf annihilator casts a spell.
The deep elf annihilator blinks!
The orange demon completely misses you.
Your life force feels restored.
The deep elf death mage casts a spell at you.
The bolt of negative energy hits the ynoxinul.
The ynoxinul completely resists.
The bolt of negative energy misses you.
The bolt of negative energy hits the crawling corpse.
The crawling corpse completely resists.
The tormentor roars, "Flee, thou mangled clapper-clawed cloven-toed!"
The deep elf demonologist gestures wildly while chanting.
The deep elf death mage casts a spell at you.
The bolt of negative energy misses you.
The bolt of negative energy hits the crawling corpse.
The crawling corpse completely resists.
The +2 glaive of venom hits you from afar!
You die...

#.##.# #....##.
#.##.# #....##.
#.##.###.......
####.##.##......#.
###....###.......##.
#.....E# ##......##.
#.....## ##########
####x# ###.)X@#
#...e)e#
#.....(3e3(#
.....5e45515...
.....e552.e4...
......2.13ee.§.
......4..e.....
..⌠.......!....
...............


You could see a Tzitzimitl (summoned), a deep elf blademaster, an Ice Fiend
(summoned), a cacodemon (summoned), 2 deep elf death magi, a deep elf sorcerer
(empowered), 4 deep elf demonologists, an orange demon (summoned), a deep elf
high priest, a large abomination, a hellwing (summoned), a rust devil
(summoned), a tormentor (summoned), a neqoxec (summoned), 2 ynoxinuls, a +2
glaive of venom, 5 ufetubi and a crawling corpse.

Vanquished Creatures
  An ancient lich (Vaults:5)
  Mara (Elf:3)
  A royal mummy (Tomb:1)
  Frederick (Crypt:2)
  2 golden dragons
  Nikola (Shoals:3)
  A profane servitor (Crypt:3)
  Arachne (Spider:3)
  3 bone dragons
  A lich (Crypt:3)
  3 titans (Vaults:5)
  The ghost of Fiono the Martial Artist, an adept GnTm of Cheibriados (Shoals:1)
  2 quicksilver dragons (Vaults:5)
  4 tentacled monstrosities
  An Executioner (Abyss:3)
  4 tentacled starspawn (Abyss:3)
  A deep elf blademaster (Elf:3)
  A kraken (Shoals:4)
  Kirke (Spider:3)
  6 sphinxes
  A shadow dragon (Vaults:5)
  Donald (Shoals:4)
  5 ancient champions
  3 revenants
  5 tengu reavers
  2 storm dragons (Vaults:5)
  Ilsuiw (Shoals:3)
  2 fire giants
  5 deep elf sorcerers
  4 ghost moths (Spider:4)
  2 orc warlords
  Aizul (Shoals:4)
  An iron dragon (Vaults:5)
  4 emperor scorpions
  4 frost giants
  6 deep elf elementalists
  A curse skull (Crypt:1)
  12 vault wardens
  13 stone giants
  5 ghouls
  14 ironheart preservers
  A reaper (IceCv)
  6 vampire knights
  4 very ugly things
  2 deep elf demonologists
  Azrael (Orc:2)
  A red draconian (Abyss:3)
  A dire elephant (D:15)
  The ghost of emiel the Grappler, a journeyman TrDe of Gozag (Lair:4)
  A black draconian (Abyss:3)
  6 entropy weavers
  A minotaur (Orc:2)
  7 spark wasps
  4 deep elf annihilators
  6 deep elf death magi
  3 eidola (Crypt:2)
  The ghost of Gruesome the Carver, a journeyman FoFi of the Shining One (Orc:2)
  4 ettins
  A crystal guardian (Vaults:2)
  3 merfolk javelineers
  A mummy priest (Tomb:1)
  8 yaktaur captains
  An ettin (shapeshifter) (D:13)
  16 jiangshi
  2 fire dragons (Vaults:4)
  Josephine (D:13)
  8 merfolk impalers
  6 ice dragons
  A great orb of eyes (Vaults:1)
  39 vault guards
  10 hydras
  4 boulder beetles
  A rakshasa (Vaults:1)
  6 deep elf high priests
  4 merfolk avatars
  6 centaur warriors
  2 catoblepae
  2 alligator snapping turtles (Shoals:3)
  3 merfolk aquamancers
  8 ogre magi
  11 death knights
  30 dancing weapons
  9 death scarabs (Tomb:1)
  4 satyrs
  25 two-headed ogres
  A deep troll earth mage (D:14)
  2 deep troll shamans
  A queen ant (Spider:4)
  A soul eater (Crypt:1)
  2 tengu warriors (D:13)
  A titan zombie (Crypt:1)
  7 death yaks
  5 vampire magi
  6 thrashing horrors (Abyss:3)
  A spectral storm dragon (Crypt:3)
  3 orc high priests (Orc:2)
  3 wretched stars (Abyss:3)
  Urug (Orc:2)
  24 deep elf knights
  4 large abominations
  A hell knight (Crypt:3)
  2 shadow wraiths
  2 sixfirhies (Abyss:3)
  2 unseen horrors (shapeshifter) (Vaults:3)
  34 skeletal warriors
  A spatial maelstrom (Abyss:3)
  8 flayed ghosts
  A death drake (shapeshifter) (Vaults:5)
  19 sea snakes
  An iron giant zombie (Crypt:1)
  10 deep trolls
  4 unseen horrors
  16 deep elf archers
  A golden dragon skeleton (Crypt:1)
  A wizard (Vaults:1)
  An anaconda skeleton (Crypt:1)
  5 wolf spider zombies
  3 glowing orange brains
  A bunyip skeleton (Crypt:1)
  2 lindwurms
  18 ironbrand convokers
  16 harpies
  11 orb spiders
  14 phantasmal warriors
  59 deep elf magi
  25 wolf spiders
  3 necromancers
  4 oklob plants
  5 orc sorcerers
  15 orc knights
  20 fauns
  A cyclops (shapeshifter) (Vaults:5)
  10 ugly things
  A will-o-the-wisp (Abyss:3)
  12 cyclopes
  18 manticores
  A frost giant skeleton (Crypt:1)
  2 ice statues (IceCv)
  4 black mambas
  9 centaur zombies
  A spectral alligator snapping turtle (Shoals:1)
  10 vault sentinels
  4 water nymphs
  An apocalypse crab (Abyss:3)
  9 merfolk sirens
  A rust devil (D:11)
  16 elephants
  An orange demon (D:11)
  A shock serpent zombie (Crypt:1)
  2 spectral sea snakes (Shoals:1)
  9 centaur skeletons
  17 cane toads
  A cane toad (shapeshifter) (D:10)
  5 smoke demons (Abyss:3)
  6 rime drakes
  2 storm dragon simulacra
  5 torpor snails
  An efreet (D:15)
  15 komodo dragons
  15 yaktaurs
  5 kobold demonologists
  14 freezing wraiths
  10 demonic crawlers
  2 redback zombies (Crypt:1)
  A yaktaur (shapeshifter) (Elf:1)
  10 ice devils (IceCv)
  3 hellwings (Abyss:3)
  An ancient zyme (Abyss:3)
  4 spectral merfolk (Shoals:1)
  3 tengu conjurers
  A spectral water nymph (Shoals:1)
  A yaktaur skeleton (Vaults:4)
  2 harpy zombies
  A white draconian skeleton (Crypt:2)
  A meliai (shapeshifter) (Vaults:5)
  A polar bear (shapeshifter) (Vaults:2)
  An iron troll skeleton (Crypt:1)
  3 guardian mummies
  38 merfolk
  11 wind drakes
  10 trolls
  6 polar bears
  38 jumping spiders
  A tengu simulacrum (Vaults:1)
  2 harpy skeletons (Crypt:1)
  21 dream sheep
  A moth of wrath zombie (Crypt:1)
  12 hornets
  An iron dragon simulacrum (Tomb:1)
  An ettin zombie (Abyss:3)
  27 slime creatures
  13 snapping turtles
  17 blink frogs
  A shock serpent simulacrum (Crypt:3)
  A centaur simulacrum (D:13)
  37 tarantellas
  14 water elementals
  66 flying skulls
  93 redbacks
  A spriggan (shapeshifter) (D:14)
  3 ynoxinuls (Abyss:3)
  14 wraiths
  4 spriggans
  6 shadows
  80 yaks
  3 air elementals
  An ettin skeleton (Vaults:4)
  A redback (shapeshifter) (D:13)
  A vampire (D:15)
  The ghost of Life0 the Cudgeller, an amateur MiBe of Trog (D:4)
  2 basilisks
  5 fire elementals
  A black mamba skeleton (Tomb:1)
  11 wyverns
  A golden eye (Abyss:3)
  A neqoxec (Abyss:3)
  3 hogs (Spider:3)
  3 chaos spawn (Abyss:3)
  A vampire mosquito (D:13)
  7 wargs
  9 acid dragons
  26 soldier ants
  A two-headed ogre skeleton (Crypt:1)
  Duvessa (D:4)
  14 water moccasins
  4 hell hounds
  A floating eye (shapeshifter) (Vaults:1)
  A swamp drake (D:9)
  A snapping turtle zombie (Crypt:1)
  7 ice beasts
  3 black bears
  55 orc warriors
  11 small abominations
  A human zombie (Vaults:4)
  3 phantoms
  A sky beast (shapeshifter) (Vaults:1)
  2 sky beasts
  12 necrophages
  23 ogres
  7 boggarts
  3 eyes of draining
  A wolf (Lair:3)
  A tengu (shapeshifter) (D:15)
  12 centaurs
  A snapping turtle skeleton (Tomb:1)
  A fire crab zombie (Crypt:1)
  4 big kobolds
  Blork the orc (D:4)
  21 bullfrogs
  A cane toad simulacrum (Crypt:1)
  2 earth elementals
  3 merfolk simulacra (Shoals:1)
  Dowan (D:4)
  A draconian skeleton (Crypt:2)
  A wyvern skeleton (D:13)
  6 killer bees (D:11)
  5 scorpions
  16 wights
  7 electric eels
  4 howler monkeys (D:9)
  A wolf zombie (Crypt:2)
  2 bullfrog zombies
  10 hounds
  6 jellies
  2 bullfrog skeletons (D:9)
  A quasit (D:8)
  3 gnoll shamans
  25 orc priests
  26 orc wizards
  8 iron imps (D:11)
  8 iguanas
  22 worker ants
  Terence (D:3)
  A naga skeleton (Crypt:1)
  4 hound zombies
  A hound skeleton (D:10)
  4 mummies (Tomb:1)
  A howler monkey zombie (D:6)
  Robin (D:2)
  28 gnolls
  14 adders
  2 shadow imps
  12 white imps
  7 ufetubi
  An adder zombie (D:6)
  An iguana zombie (Crypt:2)
  3 adder skeletons
  3 worms
  2 dart slugs
  5 leopard geckos
  104 orcs
  5 bats
  9 giant cockroaches
  28 goblins
  20 hobgoblins
  4 jackals
  8 quokkas
  A river rat zombie (Crypt:2)
  A ball python (D:4)
  A ball python zombie (Crypt:2)
  5 frilled lizards
  19 kobolds
  A leopard gecko skeleton (D:7)
  9 rats
  2 crawling corpses (Elf:3)
  6 starspawn tentacles (Abyss:3)
  3 tentacles (Shoals:4)
2269 creatures vanquished.

Vanquished Creatures (others)
  An ancient lich (Crypt:3)
  A deep elf blademaster (Elf:3)
  A deep elf master archer (Elf:3)
  A deep elf demonologist (Vaults:1)
  An ogre mage (Vaults:1)
  A deep elf knight (Vaults:1)
  A shadow wraith (Vaults:4)
  A deep elf archer (Vaults:1)
  An orb spider (Spider:4)
  2 phantasmal warriors (Crypt:3)
  An orc warrior (Vaults:5)
  An ogre (D:11)
  6 white imps (IceCv)
  2 ufetubi (IceCv)
  An orc (D:9)
  A kobold (D:11)
  28 fungi
  282 plants
  6 starspawn tentacles (Abyss:3)
  A tentacle (Shoals:4)
  7 toadstools (Lair:2)
347 creatures vanquished.

Grand Total: 2616 creatures vanquished

Notes
Turn   | Place    | Note
-------+----------+-------------------------------------------
     0 | D:1      | Borgoz the Minotaur Berserker began the quest for the Orb.
     0 | D:1      | Reached XP level 1. HP: 19/19 MP: 0/0
   114 | D:1      | Reached XP level 2. HP: 26/27 MP: 1/1
   620 | D:1      | Reached skill level 4 in Axes
   961 | D:2      | Reached XP level 3. HP: 33/33 MP: 2/2
   974 | D:2      | Reached ** piety under Trog
  1115 | D:2      | Found a sparkling altar of Nemelex Xobeh.
  1352 | D:2      | Reached XP level 4. HP: 37/41 MP: 3/3
  1391 | D:2      | Found a burning altar of Makhleb.
  1391 | D:2      | Noticed a green death
  1394 | D:2      | Noticed an orange demon
  1394 | D:2      | Noticed a hellwing
  1575 | D:2      | Noticed Robin
  1606 | D:2      | Killed Robin
  2130 | D:3      | Reached XP level 5. HP: 41/47 MP: 4/4
  2419 | D:3      | Noticed Terence
  2426 | D:3      | Killed Terence
  2426 | D:3      | Reached *** piety under Trog
  2427 | D:3      | Reached skill level 5 in Fighting
  2427 | D:3      | Reached skill level 5 in Axes
  2553 | D:3      | Reached XP level 6. HP: 49/56 MP: 5/5
  3743 | D:4      | Reached skill level 5 in Armour
  3934 | D:4      | Reached XP level 7. HP: 53/62 MP: 6/6
  4254 | D:4      | Noticed Dowan
  4257 | D:4      | Noticed Duvessa
  4264 | D:4      | Killed Duvessa
  4265 | D:4      | Reached skill level 6 in Axes
  4269 | D:4      | Killed Dowan
  4269 | D:4      | Reached **** piety under Trog
  4337 | D:4      | Got a bloodstained cloak
  4348 | D:4      | Identified the +1 cloak "Miorgh Alley" {rF+ rN+ rCorr} (You
                  | found it on level 4 of the Dungeon)
  4349 | D:4      | Noticed Blork the orc
  4354 | D:4      | Killed Blork the orc
  4355 | D:4      | Reached skill level 5 in Dodging
  4482 | D:4      | Found a runed translucent gate.
  4565 | D:4      | Found a runed translucent gate.
  4565 | D:4      | Found a runed translucent gate.
  4565 | D:4      | Found an opulent altar of Gozag.
  4566 | D:4      | Noticed Life0's ghost (amateur MiBe)
  4724 | D:4      | Killed Life0's ghost
  4857 | D:5      | Entered Level 5 of the Dungeon
  4867 | D:5      | Found Heghempog's Book Shop.
  4928 | D:5      | Reached XP level 8. HP: 50/71 MP: 7/7
  5690 | D:6      | Reached skill level 7 in Axes
  5953 | D:6      | Found a staircase to the Ecumenical Temple.
  5970 | Temple   | Entered the Ecumenical Temple
  6417 | D:6      | Found an iron altar of Okawaru.
  6676 | D:7      | Found Oczistrem's Weapon Emporium.
  6848 | D:7      | Reached XP level 9. HP: 79/81 MP: 8/8
  6883 | D:7      | Reached skill level 8 in Axes
  7076 | D:7      | Found a shimmering blue altar of Sif Muna.
  7078 | D:7      | Found a shimmering altar of Xom.
  7078 | D:7      | Found an opulent altar of Gozag.
  7087 | D:7      | Found a shimmering altar of Xom.
  7087 | D:7      | Found a snail-covered altar of Cheibriados.
  7087 | D:7      | Found an opulent altar of Gozag.
  7469 | D:8      | Reached ***** piety under Trog
  7614 | D:8      | Noticed a two-headed ogre
  7623 | D:8      | Killed a two-headed ogre
  7624 | D:8      | Reached skill level 9 in Axes
  7826 | D:8      | Reached XP level 10. HP: 54/91 MP: 9/9
  8755 | D:9      | Received a gift from Trog
  8953 | D:9      | Found a staircase to the Orcish Mines.
  8974 | D:9      | Reached skill level 10 in Fighting
  8974 | D:9      | Reached skill level 10 in Axes
  9537 | D:10     | Entered Level 10 of the Dungeon
  9550 | D:10     | Found Gumoi's Antique Weapon Emporium.
  9674 | D:10     | Reached skill level 10 in Armour
 10147 | D:10     | Found a portal to a secret trove of treasure.
 10415 | D:10     | Found a staircase to the Lair.
 10415 | D:10     | Noticed an oklob plant
 10431 | D:10     | Killed an oklob plant
 10432 | D:10     | Reached XP level 11. HP: 49/101 MP: 10/10
 11160 | D:11     | Reached skill level 11 in Axes
 11188 | D:11     | Noticed a two-headed ogre
 11202 | D:11     | Killed a two-headed ogre
 11203 | D:11     | Reached skill level 10 in Dodging
 11264 | D:11     | Found a one-way gate to the infinite horrors of the Abyss.
 11269 | D:11     | Noticed a cyan ugly thing
 11273 | D:11     | Found a flagged portal.
 11282 | D:11     | Killed a cyan ugly thing
 11292 | Bailey   | Entered a bailey
 11504 | Bailey   | Found an iron altar of Okawaru.
 11693 | Bailey   | Acquired a manual of Dodging
 11695 | Bailey   | Acquired a +2 pair of gloves of dexterity
 11709 | Bailey   | Acquired a manual of Dodging
 11733 | Bailey   | Received a gift from Trog
 11924 | Bailey   | Noticed an orc knight
 11931 | Bailey   | Killed an orc knight
 12332 | D:11     | Noticed a green ugly thing
 12339 | D:11     | Killed a green ugly thing
 12340 | D:11     | Reached skill level 12 in Axes
 12858 | D:12     | Reached XP level 12. HP: 108/112 MP: 11/11
 13323 | D:12     | Noticed a two-headed ogre
 13330 | D:12     | Killed a two-headed ogre
 13721 | D:12     | Reached skill level 13 in Axes
 13774 | D:12     | Noticed a two-headed ogre
 13782 | D:12     | Killed a two-headed ogre
 14319 | D:13     | Noticed a tengu warrior
 14319 | D:13     | Noticed an ogre mage
 14325 | D:13     | Killed a tengu warrior
 14329 | D:13     | Killed an ogre mage
 14344 | D:13     | Identified Amenk's Papyrus of Clay
 14370 | D:13     | Noticed a boulder beetle
 14380 | D:13     | Killed a boulder beetle
 14391 | D:13     | Noticed an ettin
 14400 | D:13     | Killed an ettin
 14409 | D:13     | Reached ****** piety under Trog
 14410 | D:13     | Reached skill level 14 in Axes
 14651 | D:13     | Noticed a two-headed ogre
 14659 | D:13     | Killed a two-headed ogre
 14806 | D:13     | Noticed a tengu warrior
 14812 | D:13     | Received a gift from Trog
 14813 | D:13     | Reached XP level 13. HP: 91/122 MP: 12/12
 15000 | D:13     | Found Yvienyse's General Store.
 15003 | D:13     | Bought a potion of heal wounds for 80 gold pieces
 15077 | D:13     | Found a gate to the Vaults.
 15146 | D:13     | Reached skill level 15 in Axes
 16186 | D:13     | Noticed Josephine
 16201 | D:13     | Killed Josephine
 16457 | D:14     | Found a runed translucent door.
 16493 | D:14     | Reached skill level 16 in Axes
 16498 | D:14     | Reached XP level 14. HP: 132/132 MP: 13/13
 16580 | D:14     | Received a gift from Trog
 17114 | D:15     | Entered Level 15 of the Dungeon
 17299 | D:15     | Reached skill level 15 in Dodging
 17692 | D:15     | Found a staircase to the Depths.
 18271 | D:15     | Received a gift from Trog
 18313 | D:15     | Found Ylousint's Distillery.
 18625 | Lair:1   | Entered Level 1 of the Lair of Beasts
 19082 | Lair:1   | Reached skill level 17 in Axes
 19460 | Lair:2   | Found a frozen archway.
 19539 | IceCv    | Entered an ice cave
 19789 | IceCv    | Noticed a reaper
 19796 | IceCv    | Killed a reaper
 20874 | Lair:2   | Found a runed translucent door.
 21544 | Lair:2   | Reached skill level 15 in Fighting
 21738 | Lair:3   | Found a staircase to the Shoals.
 21790 | Lair:3   | Received a gift from Trog
 21793 | Lair:3   | Reached XP level 15. HP: 141/141 MP: 14/14
 21926 | Lair:3   | Reached skill level 15 in Armour
 22284 | Lair:3   | Found a hole to the Spider Nest.
 22438 | Lair:3   | Reached skill level 18 in Axes
 23645 | Lair:4   | Found a runed translucent door.
 23648 | Lair:4   | Noticed emiel's ghost (journeyman TrDe)
 23892 | Lair:4   | Identified the +6 spear of Xuilod {flame, Int+3 Stlth+}
 24332 | Lair:4   | Received a gift from Trog
 24355 | Lair:4   | Killed emiel's ghost
 24907 | Lair:5   | Found a staircase to the Slime Pits.
 24908 | Lair:5   | Found a viscous altar of Jiyva.
 25501 | Lair:6   | Entered Level 6 of the Lair of Beasts
 25823 | Lair:6   | Reached skill level 19 in Axes
 25957 | Lair:6   | Received a gift from Trog
 25997 | Lair:6   | Reached XP level 16. HP: 141/151 MP: 15/15
 27208 | Orc:1    | Entered Level 1 of the Orcish Mines
 27244 | Orc:1    | Found Daneuhiff's General Store.
 27310 | Orc:1    | Found Orryuqock's Antique Armour Boutique.
 27575 | Orc:1    | Found Ypyelez's Jewellery Boutique.
 27578 | Orc:1    | Found Buiss's Antique Weapon Emporium.
 27790 | Orc:2    | Entered Level 2 of the Orcish Mines
 27887 | Orc:2    | Found a bloodstained altar of Trog.
 27971 | Orc:2    | Received a gift from Trog
 27992 | Orc:2    | Found a staircase to the Elven Halls.
 28018 | Orc:2    | Noticed Gruesome's ghost (journeyman FoFi)
 28033 | Orc:2    | Found a runed translucent gate.
 28033 | Orc:2    | Found a runed translucent gate.
 28033 | Orc:2    | Found a runed translucent gate.
 28316 | Orc:2    | Killed Gruesome's ghost
 28421 | Orc:2    | Found Zesoguad's Armour Shop.
 28421 | Orc:2    | Found Etepnun's Jewellery Emporium.
 28431 | Orc:2    | Found Bisyust's Magic Scroll Shop.
 28431 | Orc:2    | Found Hotumop's Antique Armour Emporium.
 28533 | Orc:2    | Noticed Urug
 28534 | Orc:2    | Noticed Azrael
 28552 | Orc:2    | Killed Azrael
 28556 | Orc:2    | Killed Urug
 28578 | Orc:2    | Received a gift from Trog
 29032 | Shoals:1 | Entered Level 1 of the Shoals
 29090 | Shoals:1 | Reached skill level 20 in Axes
 29725 | Shoals:1 | Found a runed translucent gate.
 29725 | Shoals:1 | Found a runed translucent gate.
 29725 | Shoals:1 | Found a runed translucent gate.
 29731 | Shoals:1 | Noticed Fiono's ghost (adept GnTm)
 30293 | Shoals:1 | Found Ibonom's General Store.
 30753 | Shoals:1 | Killed Fiono's ghost
 30802 | Shoals:1 | Got a smoking helmet
 30900 | Shoals:2 | Received a gift from Trog
 30901 | Shoals:2 | Reached XP level 17. HP: 119/160 MP: 16/16
 32346 | Shoals:2 | Acquired the +2 hat "Fequjol" {Slay+5 Stlth+}
 32545 | Shoals:3 | Noticed Ilsuiw
 32566 | Shoals:3 | Received a gift from Trog
 32575 | Shoals:3 | Killed Ilsuiw
 32581 | Shoals:3 | Got an ancient battleaxe {god gift}
 32617 | Shoals:3 | Reached skill level 21 in Axes
 32947 | Shoals:3 | Identified the +2 battleaxe of Psychosis {vorpal, rN++}
                  | (Trog gifted it to you on level 3 of the Shoals)
 33251 | Shoals:3 | Got an ancient lead amulet
 33264 | Shoals:3 | Identified the amulet "Honon" {Inacc rElec rPois rF+} (You
                  | found it on level 3 of the Shoals)
 33639 | Shoals:3 | Noticed Nikola
 33650 | Shoals:3 | Killed Nikola
 34075 | Shoals:4 | Entered Level 4 of the Shoals
 34139 | Shoals:4 | Noticed Donald
 34148 | Shoals:4 | Noticed Aizul
 34150 | Shoals:4 | Killed Donald
 34160 | Shoals:4 | HP: 8/162 [merfolk javelineer/javelin (7)]
 34165 | Shoals:3 | HP: 8/162 [poisoned by Donald]
 34605 | Shoals:4 | Killed Aizul
 34605 | Shoals:4 | Received a gift from Trog
 35079 | Shoals:4 | Got a barnacled rune of Zot
 35111 | Shoals:4 | Got a smoking executioner's axe {god gift}
 35125 | Shoals:3 | Identified the +5 executioner's axe of Orb Guardian's
                  | Regret {vorpal, *Noise Str+4} (Trog gifted it to you on
                  | level 4 of the Shoals)
 35762 | Shoals:4 | Noticed a kraken
 35773 | Shoals:4 | Killed a kraken
 35895 | Shoals:4 | Found Otrononn's Armour Shoppe.
 36344 | Shoals:4 | Received a gift from Trog
 36345 | Shoals:4 | Reached XP level 18. HP: 169/171 MP: 17/17
 36880 | Spider:1 | Entered Level 1 of the Spider Nest
 37495 | Spider:1 | You fall into a shaft and drop 1 floor!
 37510 | Spider:2 | Reached skill level 22 in Axes
 37777 | Spider:2 | Identified the Compendium of Feathery Earth
 37800 | Spider:2 | Received a gift from Trog
 38182 | Spider:2 | Found a runed translucent door.
 38820 | Spider:3 | Noticed Kirke
 38834 | Spider:3 | Killed Kirke
 39331 | Spider:3 | Received a gift from Trog
 39568 | Spider:3 | Noticed Arachne
 39581 | Spider:3 | Killed Arachne
 40129 | Spider:4 | Entered Level 4 of the Spider Nest
 40276 | Spider:4 | Received a gift from Trog
 40907 | Spider:4 | Reached skill level 23 in Axes
 40909 | Spider:4 | Reached XP level 19. HP: 181/181 MP: 18/18
 40958 | Spider:4 | Received a gift from Trog
 41125 | Spider:4 | Got a glittering ruby amulet
 41242 | Spider:4 | Got a faintly humming cloak
 41243 | Spider:4 | Identified the amulet of Hospitality {Regen+ Dex+3} (You
                  | found it on level 4 of the Spider Nest)
 41244 | Spider:4 | Identified the +1 cloak "Peugg" {Rampage rF+ Str+4} (You
                  | found it on level 4 of the Spider Nest)
 41845 | Spider:4 | Got a gossamer rune of Zot
 42130 | Vaults:1 | Entered Level 1 of the Vaults
 42285 | Vaults:1 | Found Juduajow's Magic Scroll Shoppe.
 42392 | Vaults:1 | Received a gift from Trog
 42642 | Vaults:1 | Noticed a Brimstone Fiend
 43765 | Vaults:1 | Paralysed by a floating eye for 3 turns
 43914 | Vaults:2 | Received a gift from Trog
 44418 | Vaults:2 | Reached skill level 24 in Axes
 44908 | Vaults:2 | You fall into a shaft and drop 2 floors!
 44956 | Vaults:4 | Reached XP level 20. HP: 166/191 MP: 15/19
 45482 | Vaults:3 | Received a gift from Trog
 46192 | Vaults:3 | Received a gift from Trog
 47201 | Vaults:2 | Found a staircase to the Crypt.
 47201 | Vaults:2 | Found an ancient bone altar of Kikubaaqudgha.
 47202 | Vaults:2 | Found a basalt altar of Yredelemnul.
 47966 | Vaults:4 | Found a gateway to a bazaar.
 48420 | Vaults:4 | Received a gift from Trog
 48421 | Vaults:4 | Reached skill level 25 in Axes
 48432 | Bazaar   | Entered a bazaar
 48486 | Bazaar   | Found Loegrou's Weapon Shoppe.
 48486 | Bazaar   | Found Mucodung's Gadget Emporium.
 48507 | Bazaar   | Found Vejeryk Wodgh's Book Emporium.
 48522 | Bazaar   | Found Nudghubok's Book Shoppe.
 49471 | Vaults:5 | Entered Level 5 of the Vaults
 49476 | Vaults:5 | Noticed a golden dragon
 49481 | Vaults:5 | Reached XP level 21. HP: 119/201 MP: 11/20
 49496 | Vaults:4 | Killed a golden dragon
 49525 | Vaults:4 | Acquired the ring of Erusk {rF+ Str+2}
 49912 | Vaults:5 | Paralysed by a sphinx for 6 turns
 50526 | D:10     | You paid a toll of +6 ice dragon scales to enter a treasure
                  | trove
 50527 | Trove    | Entered a treasure trove
 50535 | Trove    | Got a warped battleaxe
 50539 | Trove    | Got a fine hand axe
 50547 | Trove    | Got a shimmering great mace
 50549 | Trove    | Got a translucent battleaxe
 50551 | Trove    | Got a scorched whip
 50565 | D:10     | Identified the +4 hand axe "Nadwe" {vorpal, rF- rC+ Str+3
                  | Dex+10} (You found it in a treasure trove)
 50566 | D:10     | Identified the +1 whip of Iphaorik {flame, Dex+4} (You
                  | found it in a treasure trove)
 50567 | D:10     | Identified the +7 great mace "Hydraslayer" {flame, *Drain
                  | +Blink rN++} (You found it in a treasure trove)
 50568 | D:10     | Identified the +8 battleaxe of Vengeance {vorpal, Stlth+}
                  | (You found it in a treasure trove)
 50569 | D:10     | Identified the +1 battleaxe of the Invisible Xalams
                  | {freeze, +Rage +Fly rF- Stlth+} (You found it in a treasure
                  | trove)
 50762 | Orc:2    | Bought a scroll of enchant armour for 105 gold pieces
 50762 | Orc:2    | Bought a scroll of teleportation for 42 gold pieces
 50762 | Orc:2    | Bought a scroll of blinking for 105 gold pieces
 50762 | Orc:2    | Bought a scroll of brand weapon for 280 gold pieces
 50762 | Orc:2    | Bought a scroll of brand weapon for 280 gold pieces
 51135 | Vaults:5 | Received a gift from Trog
 51243 | Vaults:5 | Noticed a golden dragon
 51250 | Vaults:5 | Killed a golden dragon
 51616 | Vaults:5 | Reached skill level 26 in Axes
 52130 | Vaults:5 | Got an opal-encrusted scale mail
 52131 | Vaults:5 | Identified the cursed +0 scale mail "Mas Uze" {rF+} (You
                  | found it on level 5 of the Vaults)
 52301 | Vaults:5 | Received a gift from Trog
 52313 | Vaults:5 | Found Bifuvesm's Armour Boutique.
 52323 | Vaults:5 | Got a silver rune of Zot
 52431 | Vaults:5 | Noticed an ancient lich
 52434 | Vaults:5 | Killed an ancient lich
 52449 | Vaults:5 | Reached XP level 22. HP: 193/213 MP: 18/21
 52639 | Vaults:5 | Cast into level 3 of the Abyss (a deep elf sorcerer)
 52749 | Abyss:3  | Gained mutation: You are clumsy. (Dex -2) [a neqoxec]
 52750 | Abyss:3  | Gained mutation: Scrolls take you a little longer to read.
                  | [a neqoxec]
 52906 | Abyss:3  | Found a corrupted altar of Lugonu.
 53087 | Abyss:3  | Paralysed by you for 6 turns
 53127 | Abyss:3  | Received a gift from Trog
 53324 | Vaults:5 | Escaped the Abyss
 53576 | Vaults:5 | Got a pair of fading gloves
 53587 | Vaults:5 | Identified the cursed +0 pair of gloves of Viarys {-Tele
                  | rN+++ Regen+ rCorr} (You found it on level 5 of the Vaults)
 54712 | Crypt:1  | Entered Level 1 of the Crypt
 54962 | Crypt:1  | Received a gift from Trog
 54970 | Crypt:1  | Got a scorched battleaxe {god gift}
 54971 | Crypt:1  | Identified the +3 battleaxe "Byezunut" {vorpal, SInv} (Trog
                  | gifted it to you on level 1 of the Crypt)
 55058 | Crypt:1  | Reached skill level 27 in Axes
 56131 | Crypt:1  | Received a gift from Trog
 56191 | Crypt:1  | Found the +9 sword of Zonguldrok {reap}
 56501 | Crypt:2  | Noticed Frederick
 56511 | Crypt:2  | Killed Frederick
 56733 | Crypt:2  | Reached XP level 23. HP: 87/223 MP: 20/22
 57547 | Crypt:3  | Entered Level 3 of the Crypt
 57592 | Crypt:3  | Reached skill level 1 in Stealth
 57592 | Crypt:3  | Reached skill level 1 in Evocations
 57610 | Crypt:3  | Received a gift from Trog
 57614 | Crypt:3  | Got a shimmering executioner's axe {god gift}
 57615 | Crypt:3  | Identified the +10 executioner's axe "Vous" {antimagic,
                  | +Fly rC+} (Trog gifted it to you on level 3 of the Crypt)
 57710 | Crypt:3  | Found an ancient bone altar of Kikubaaqudgha.
 58198 | Crypt:3  | Found a staircase to the Tomb.
 58198 | Crypt:3  | Noticed an ancient lich
 58208 | Crypt:3  | Killed an ancient lich
 58311 | Crypt:3  | Got a crude bronze ring
 58326 | Crypt:3  | Got a masterwork flail
 58327 | Crypt:3  | Lost intelligence.
 58327 | Crypt:3  | Identified the cursed +0 flail of Cotoa {drain, *Corrode
                  | rN+++ Str+8 Int-5} (You found it on level 3 of the Crypt)
 58468 | Crypt:3  | Received a gift from Trog
 58705 | Crypt:3  | Identified the ring "Xeanueq" {*Tele Dex+3} (You found it
                  | on level 3 of the Crypt)
 58974 | Crypt:3  | Identified the +8 short sword of Somewhere Else {vorpal,
                  | rF+ rN+ Str+2 Int+3}
 59383 | Tomb:1   | Entered Level 1 of the Tomb of the Ancients
 59486 | Tomb:1   | Paralysed by a sphinx for 6 turns
 59783 | Tomb:1   | Noticed a royal mummy
 59797 | Tomb:1   | HP: 14/333 [royal mummy (12)]
 59803 | Tomb:1   | Killed a royal mummy
 60799 | D:15     | Lost mutation: Scrolls take you a little longer to read.
                  | [potion of mutation]
 60799 | D:15     | Lost mutation: You are clumsy. (Dex -2) [potion of
                  | mutation]
 60799 | D:15     | Gained mutation: You expend magic power (3 MP) to
                  | strengthen your wands. [potion of mutation]
 60799 | D:15     | Gained mutation: You evolve. [potion of mutation]
 60942 | Elf:1    | Entered Level 1 of the Elven Halls
 60959 | Elf:1    | Found a radiant altar of Vehumet.
 60966 | Elf:1    | Reached skill level 5 in Stealth
 61013 | Elf:1    | Reached skill level 5 in Evocations
 61031 | Elf:1    | Received a gift from Trog
 61274 | Elf:1    | You fall into a shaft and drop 1 floor!
 61396 | Elf:1    | Reached XP level 24. HP: 209/234 MP: 7/22
 62034 | Elf:2    | Received a gift from Trog
 62219 | Elf:2    | Found a huge runed translucent gate.
 62219 | Elf:2    | Found a huge runed translucent gate.
 62219 | Elf:2    | Found a huge runed translucent gate.
 62223 | Elf:2    | Found a huge runed translucent gate.
 62224 | Elf:2    | Found a huge runed translucent gate.
 63075 | Elf:3    | Entered Level 3 of the Elven Halls
 63100 | Elf:3    | Received a gift from Trog
 63105 | Elf:3    | Got a translucent battleaxe {god gift}
 63114 | Elf:3    | Noticed Mara
 63132 | Elf:3    | Killed Mara
 63165 | Elf:3    | Identified the +2 battleaxe of Conversion {vorpal, rF++}
                  | (Trog gifted it to you on level 3 of the Elven Halls)
 63375 | Elf:3    | Found Gompuq's Gadget Emporium.
 63376 | Elf:3    | Found Gischile's Jewellery Shop.
 63377 | Elf:3    | Found Jeuq Vats's Gadget Emporium.
 63457 | Elf:3    | HP: 12/351 [+2 glaive of venom (8)]
 63458 | Elf:3    | HP: 1/351 [ynoxinul[a deep elf demonologist] (7)]
 63459 | Elf:3    | Slain by a +2 glaive of venom

Illustrated notes

Levels and vault maps discovered:
D:1:      elethiomel_arrival_infinity_welcomes_careful_drivers,
          layout_loops_corners
D:2:      wad_woods_stonehenge, layout_loops_ring, makhleb_altar_promises_db,
          uniq_robin
D:3:      layout_basic, serial_rivers, chequers_serial_rivers_micro_a,
          chequers_serial_rivers_small_3, chequers_serial_rivers_small_b,
          chequers_serial_rivers_large_b, chequers_serial_rivers_small_b,
          uniq_terence
D:4:      layout_basic, ebering_ghost_gozag, uniq_blork_the_orc, uniq_duvessa
D:5:      layout_loops_ring, serial_shops, shop, minmay_checkerbox
D:6:      layout_gridville, kennysheep_mini_moat, minmay_temple_entry_mist
D:7:      layout_rooms, serial_shops, shop, doesnt_xom_only_xom
D:8:      layout_loops_corners
D:9:      layout_stronghold, erik_orc_1
D:10:     layout_roguey, dpeg_oklobed_lair, serial_shops, shop,
          nicolae_trove_entry_path_of_doom, minivault_25_ag
D:11:     layout_long_grid, enter_bailey_2, lemuel_hellish_altar
D:12:     layout_loops_corners, grunt_ministairs_15
D:13:     minmay_the_grid_4x2 [minmay_the_grid_doors, minmay_the_grid_large_cup,
          minmay_the_grid_tree, minmay_the_grid_pillar_ring,
          minmay_the_grid_embedded, minmay_the_grid_aliased_spiral,
          minmay_the_grid_minigrid_small_alt,
          minmay_the_grid_prize_shrinking_boxes], layout_irregular_city,
          erik_vaults_2, serial_shops, kennysheep_mini, uniq_josephine
D:14:     layout_rooms, grunt_decor_mini_mirrors, lightli_airlock
D:15:     hangedman_depths_entry_try_elsewhere_first, layout_irregular_city,
          serial_shops, shop, hangedman_decor_opposing
Temple:   minmay_crystal_snake_temple
Lair:1:   layout_loops_ring
Lair:2:   gammafunk_lair_enchanted_lake, layout_regular_city,
          portal_ice_cave_entry_pillars_1, minivault_27, minmay_holes,
          grunt_forest_large_clearing_hut, serial_bayou_shore_a
Lair:3:   layout_long_grid, minmay_shoals_entry_beasts, spider_nest_entry_webs,
          beast_lair_carwin_9, minmay_lair_oklob_chamber, lemuel_fruit_fields
Lair:4:   layout_small_grid, ebering_ghost_funeral_grove, lemuel_fruit_fields
Lair:5:   layout_roguey, slime_altar_1
Lair:6:   gammafunk_lair_ancient_temple, layout_regular_city,
          grunt_forest_stairs_basic
Shoals:1: layout_shoals, gammafunk_ghost_necromancy, serial_shops,
          nicolae_shop_behind_doors, nicolae_shoals_wave_tunnel
Shoals:2: layout_shoals, hangedman_shoals_cup_caves
Shoals:3: layout_shoals, uniq_nikola, uniq_ilsuiw
Shoals:4: shoals_end_grunt_garden, layout_shoals, serial_shops, shop_fountains,
          uniq_donald, uniq_aizul
Spider:1: layout_spider_delve
Spider:2: cheibrodos_spider_deadly_dance
Spider:3: layout_spider_delve, uniq_kirke, uniq_arachne
Spider:4: spider_rune_water, minivault_29
Orc:1:    layout_caves, serial_shops, shop, nicolae_shop_statue_plus, shop,
          shop, nicolae_orc_pool_cavern
Orc:2:    grunt_orc_tribal_feast, layout_diamond_mine,
          maelrawn_ghost_gauntlet_escape, trog_book, uniq_azrael, uniq_urug
Elf:1:    eino_elf_arrival_altar, layout_gridlike, minmay_elf_crystal_hexagon,
          nicolae_elf_big_sculpture_2
Elf:2:    layout_geoelf_diagonals
Elf:3:    minmay_elf_hall_quartered_circle, layout_rooms, st_stairs_4,
          minmay_shop_grove, roderic_lattice_octagonal_star, uniq_mara
Vaults:1: v_misc_10, nicolae_vaults_angled_halls, v_rooms_6, v_misc_33,
          vaults_mumra_bighexcomb, vaults_dpeg_cross, hangedman_vaults_trim,
          vaults_mumra_minichess, vaults_room_stairs_pillars,
          layout_vaults_chaotic_city, serial_shops, nicolae_shop_stone
Vaults:2: nicolae_vaults_big_ls, minmay_crypt_entry_necro_gods,
          nicolae_vaults_three_branches, hangedman_vaults_corner_blocks,
          v_alt_pattern_5, hangedman_vaults_variations, v_misc_11,
          vaults_room_fancy_cross, ontoclasm_vaults_hangar, vaults_dpeg_spiral,
          nicolae_vaults_sealed_display, nicolae_vaults_specimen_jars,
          layout_vaults_ring
Vaults:3: v_misc_13, nicolae_vaults_murderbox, vaults_dpeg_encased_lava,
          vaults_room_door_ring, layout_vaults_omnigrid
Vaults:4: nicolae_vaults_puzzle_piece, vaults_standard_mumra_x,
          ontoclasm_vaults_misaligned, nicolae_vaults_rhombus_5,
          ontoclasm_vaults_spin, grunt_vaults_swirl, st_cross, vaults_dpeg_ring,
          ontoclasm_vaults_eye, v_misc_8, nicolae_vaults_little_squares_1,
          layout_vaults_omnicross, serial_shops, bzr_entry_lakeside
Vaults:5: serial_shops
Crypt:1:  layout_gridlike, st_stairs_12, minmay_guarded_unrand_zonguldrok,
          grunt_megastairs_2
Crypt:2:  layout_basic, uniq_frederick
Crypt:3:  grunt_crypt_end_deaths_head
Tomb:1

Skill      XL: |  1  2  3  4  5  6  7  8  9 10 11 12 13 14 15 16 17 18 19 20 21 22 23 24 |
---------------+-------------------------------------------------------------------------+-----
Fighting       | 4 5 6 8 9 10 12 13 14 15 16 17 18 19 20 21 22 23 | 23.3
Axes           | 4 5 6 7 9 10 12 14 16 17 19 20 21 23 24 25 26 27 | 27.0
Armour         | 3 4 5 6 7 9 10 11 12 13 14 15 16 17 18 19 20 21 22 23 | 23.2
Dodging        | 3 4 5 6 8 9 11 13 14 16 17 18 19 20 21 22 23 24 | 24.0
Stealth        | 5 |  5.0
Evocations     | 5 7 |  7.3

Action                   |  1- 3 |  4- 6 |  7- 9 | 10-12 | 13-15 | 16-18 | 19-21 | 22-24 || total
-------------------------+-------+-------+-------+-------+-------+-------+-------+-------++-------
Melee: Hand axe          |    84 |    74 |       |       |       |       |       |       ||   158
       Headbutt          |    11 |    30 |    49 |   137 |   263 |   291 |   298 |   313 ||  1392
       War axe           |       |   103 |   175 |       |       |       |       |       ||   278
       Battleaxe         |       |       |    77 |   542 |   918 |   745 |       |       ||  2282
       Flail             |       |       |       |       |     4 |       |       |       ||     4
       Morningstar       |       |       |       |       |    29 |     8 |       |       ||    37
       Executioner's axe |       |       |       |       |       |   422 |   907 |   998 ||  2327
       Unarmed           |       |       |       |       |       |     4 |       |       ||     4
Invok: Berserk           |       |     1 |     1 |     3 |     7 |     8 |     7 |     3 ||    30
       Trog's Hand       |       |       |       |     1 |     4 |     3 |     1 |     2 ||    11
Evoke: Wand              |       |       |       |     2 |     1 |     3 |     1 |       ||     7
  Use: Scroll            |       |       |     2 |    21 |    11 |     7 |    25 |     6 ||    72
       Potion            |       |       |       |     1 |     3 |     4 |       |     2 ||    10
 Stab: Held in net/web   |       |       |       |       |       |     4 |     3 |       ||     7
       Sleeping          |       |       |       |       |       |     3 |     6 |       ||     9
       Distracted        |       |       |       |       |       |       |     1 |     3 ||     4
Armor: Animal skin       |     4 |       |       |       |       |       |       |       ||     4
       Ring mail         |    20 |    25 |       |       |       |       |       |       ||    45
       Scale mail        |       |    33 |    91 |       |       |       |       |       ||   124
       Swamp dragon scal |       |       |     8 |   165 |   363 |   395 |   174 |       ||  1105
       Gold dragon scale |       |       |       |       |       |       |   155 |   542 ||   697
Dodge: Dodged            |    51 |   117 |   135 |   441 |   953 |  1716 |   894 |   776 ||  5083
Block: Other             |       |       |    35 |   119 |   212 |       |       |       ||   366
       Reflection        |       |       |     3 |     6 |     3 |       |       |       ||    12

Table legend: (Time is in decaauts)
 A = Elapsed time spent in this place.
 B = Non-inter-level travel time spent in this place.
 C = Inter-level travel time spent in this place.
 D = Time resting spent in this place.
 E = Time spent auto-exploring this place.
 F = Levels seen in this place.
 G = Mean time per level.
                   A        B        C        D        E       F      G
               +--------+--------+--------+--------+--------+-----+--------+
         Total |  63685 |  59417 |   4268 |  13492 |  34414 |  49 | 1299.7 |
       Dungeon |  19002 |  17145 |   1857 |   2946 |  10942 |  15 | 1266.8 |
        Temple |    214 |    186 |     28 |      0 |    186 |   1 |  214.0 |
          Lair |   7726 |   7147 |    579 |   1594 |   4266 |   6 | 1287.7 |
        Shoals |   8004 |   7796 |    208 |   3123 |   3073 |   4 | 2001.0 |
   Spider Nest |   5134 |   4905 |    229 |   1240 |   2698 |   4 | 1283.5 |
  Orcish Mines |   1846 |   1580 |    266 |    195 |   1082 |   2 |  923.0 |
   Elven Halls |   2433 |   2348 |     85 |      8 |   1786 |   3 |  811.0 |
        Vaults |  10750 |  10093 |    657 |   2302 |   6047 |   5 | 2150.0 |
         Crypt |   4673 |   4397 |    276 |    464 |   3166 |   3 | 1557.7 |
          Tomb |    911 |    830 |     81 |    397 |    305 |   1 |  911.0 |
         Abyss |    643 |    643 |      0 |      0 |    285 |   1 |  643.0 |
        Bazaar |    114 |    114 |      0 |      0 |    111 |   1 |  114.0 |
         Trove |     35 |     35 |      0 |      0 |      3 |   1 |   35.0 |
        Bailey |    995 |    995 |      0 |    368 |    385 |   1 |  995.0 |
      Ice Cave |   1197 |   1197 |      0 |    852 |     75 |   1 | 1197.0 |
               +--------+--------+--------+--------+--------+-----+--------+

Top non-repeatable levels by time:
    D:13: 2567 daAuts
Shoals:3: 2522 daAuts
Vaults:4: 2519 daAuts
Vaults:5: 2229 daAuts
Vaults:3: 2121 daAuts
    D:10: 2001 daAuts
Vaults:2: 1950 daAuts
Vaults:1: 1930 daAuts
Shoals:1: 1927 daAuts
 Crypt:3: 1853 daAuts
Spider:4: 1803 daAuts
Shoals:4: 1794 daAuts
Shoals:2: 1760 daAuts
     D:3: 1632 daAuts
  Lair:4: 1569 daAuts
